 Dungeon Crawl Stone Soup version 0.21.1-1-g345015f (webtiles) character file.

326 prawnwizard the Cutter (level 6, -7/48 HPs)
             Began as a Demonspawn Abyssal Knight on June 24, 2018.
             Was a Believer of Lugonu.
             Mangled by Pikel
             ... wielding a +0 whip of electrocution
              (13 damage)
             ... on level 4 of the Dungeon on June 25, 2018.
             The game lasted 00:19:47 (4172 turns).

prawnwizard the Cutter (Demonspawn Abyssal Knight)  Turns: 4172, Time: 00:19:47

Health: -7/48      AC: 10    Str: 19    XL:     6   Next: 24%
Magic:  8/8        EV:  8    Int: 13    God:    Lugonu [**....]
Gold:   124        SH:  0    Dex: 13    Spells: 5/5 levels left

rFire    . . .     SeeInvis .   o - +2 dagger (elec)
rCold    . . .     Gourm    .   (no shield)
rNeg     . . .     Faith    .   f - +0 chain mail
rPois    .         Spirit   .   (no helmet)
rElec    .         Reflect  .   h - scarf {repulsion}
rCorr    .         Harm     .   b - +0 pair of gloves
MR       .....                  (no boots)
Stlth    ..........             (no amulet)
HPRegen  0.16/turn              (no ring)
MPRegen  0.11/turn              (no ring)

@: mighty, repel missiles
A: powered by pain 2
a: Depart the Abyss, Bend Space, Renounce Religion


You were on level 4 of the Dungeon.
You worshipped Lugonu.
Lugonu was pleased with you.
You were very hungry.

You visited 1 branch of the dungeon, and saw 4 of its levels.
You visited the Abyss 1 time.

You collected 124 gold pieces.

Inventory:

Hand Weapons
 o - a +2 dagger of electrocution (weapon)
 s - a +0 rapier
Armour
 b - a +0 pair of gloves (worn)
 f - a +0 chain mail (worn)
 h - a scarf of repulsion (worn)
Wands
 l - a wand of iceblast (5)
 m - a wand of paralysis (7)
 p - a wand of disintegration (8)
Scrolls
 g - a scroll of blinking
 q - 3 scrolls of remove curse
Potions
 d - 2 potions of haste
 e - 4 potions of curing {unknown}
 i - a potion of mutation {unknown}
 j - a potion of flight {unknown}
 n - a potion of agility
 r - a potion of degeneration {unknown}
Books
 k - a book of Cantrips

   Spells                             Type                      Level
   a - Confusing Touch                Hexes                        1
   b - Animate Skeleton               Necromancy                   1
   c - Summon Small Mammal            Summoning                    1
   d - Apportation                    Translocation                1
Comestibles
 c - 5 rations


   Skills:
 + Level 4.1 Fighting
 * Level 4.3 Short Blades
 + Level 3.2 Armour
 + Level 1.5 Dodging
 + Level 2.7 Invocations


You had 5 spell levels left.
You didn't know any spells.

Dungeon Overview and Level Annotations

Branches:
Dungeon (4/15)
 Temple: D:4-7

Altars:
Ashenzari
Dithmenos
Uskayaw
Vehumet
Wu Jian
Xom
Yredelemnul

Annotations:
D:4 Pikel


Innate Abilities, Weirdness & Mutations

You sometimes gain power by taking damage.


Message History

You closely miss something. Something hits you but does no damage.
You closely miss something. The slave hits you but does no damage.
Something hits you.
* * * LOW HITPOINT WARNING * * *
The slave completely misses you.
You hit something. You miss something. The slave hits you but does no damage.
Something hits you but does no damage. The slave hits you!
* * * LOW HITPOINT WARNING * * *
You miss something. The slave hits you.
* * * LOW HITPOINT WARNING * * *
Something hits you but does no damage. The slave hits you but does no damage.
You closely miss something. The slave hits you but does no damage.
Something hits you.
* * * LOW HITPOINT WARNING * * *
The slave hits you but does no damage.
You closely miss something. The slave hits you but does no damage.
You closely miss something. Something hits you but does no damage.
You are electrocuted!
You die...

.........## #...
..........## #...
..(........## #..>
..$.........## #...
.............## #...
..........#.[.##
##..
.###.......##.p##
##### ##.
###.....###{p##.....
## ####(.#
##@p.......... ####
#............
#...........
#..........#
#..........#
##........#
#........#
##.......##
#.....#..#


You could see 3 slaves.

Vanquished Creatures
  Sigmund (D:4)
  A slave (D:4)
  An orc wizard (D:3)
  Jessica (D:3)
  An iguana (D:4)
  Ijyb (D:3)
  A worker ant zombie (D:3)
  An adder (D:2)
  2 leopard geckos
  4 orcs (D:3)
  6 bats
  3 giant cockroaches
  3 goblins
  4 hobgoblins
  8 jackals
  2 kobolds
  2 quokkas (D:3)
  3 frilled lizards
  2 rats (D:1)
47 creatures vanquished.

Notes
Turn   | Place    | Note
-------+----------+-------------------------------------------
     0 | Abyss:1  | prawnwizard the Demonspawn Abyssal Knight began the quest for the Orb.
     0 | Abyss:1  | Reached XP level 1. HP: 18/18 MP: 2/2
    53 | Abyss:1  | Noticed a hellwing
    78 | D:1      | Escaped the Abyss
   546 | D:1      | Gained mutation: You sometimes gain a little power by taking damage. [demonic ancestry]
   546 | D:1      | Reached XP level 2. HP: 23/24 MP: 3/3
  1593 | D:2      | Found a shadowy altar of Dithmenos.
  1681 | D:2      | Gained mutation: You sometimes gain power by taking damage. [demonic ancestry]
  1681 | D:2      | Reached XP level 3. HP: 27/29 MP: 5/5
  2189 | D:3      | Reached ** piety under Lugonu
  2599 | D:3      | Reached XP level 4. HP: 37/37 MP: 6/6
  2667 | D:3      | Found a hide-covered altar of Uskayaw.
  2668 | D:3      | Found a basalt altar of Yredelemnul.
  2669 | D:3      | Found a radiant altar of Vehumet.
  2751 | D:3      | Reached skill level 1 in Dodging
  2893 | D:3      | Noticed Jessica
  2907 | D:3      | Killed Jessica
  3384 | D:3      | Noticed Ijyb
  3395 | D:3      | Killed Ijyb
  3395 | D:3      | Reached XP level 5. HP: 42/42 MP: 7/7
  3900 | D:4      | Noticed Sigmund
  3912 | D:4      | Killed Sigmund
  3912 | D:4      | Reached XP level 6. HP: 39/48 MP: 8/8
  3948 | D:4      | Noticed an angel
  3948 | D:4      | Found a shimmering altar of Xom.
  4024 | D:4      | Found a shattered altar of Ashenzari.
  4047 | D:4      | Found an ornate altar of the Wu Jian Council.
  4142 | D:4      | Noticed a slave
  4145 | D:4      | Noticed Pikel
  4146 | D:4      | Noticed a slave
  4147 | D:4      | Noticed a slave
  4150 | D:4      | Noticed a slave
  4157 | D:4      | Killed a slave
  4172 | D:4      | Mangled by Pikel

Skill      XL: |  1  2  3  4  5 |
---------------+----------------+-----
Short Blades   | 2 3 4 |  4.3
Armour         | 2 3 |  3.2
Dodging        | 1 |  1.5
Fighting       | 4 |  4.1
Invocations    | |  2.7

Action                   |  1- 3 |  4- 6 || total
-------------------------+-------+-------++-------
Melee: Short sword       |   106 |    42 ||   148
       Dagger            |       |    68 ||    68
  Use: Scroll            |     6 |     1 ||     7
       Potion            |     1 |     2 ||     3
  Eat: Chunk             |     5 |     4 ||     9
Armor: Scale mail        |     8 |       ||     8
       Chain mail        |    44 |   133 ||   177
Dodge: Dodged            |    34 |    65 ||    99
       Deflected         |     1 |       ||     1
